12 | 0:00 | Probe | |
13 | 0:12 | Probe | |
14 | 0:19 | Pylon | |
14 | 0:25 | Probe | |
15 | 0:37 | Gateway | |
15 | 0:39 | Probe (Chrono Boost) | |
16 | 0:48 | Assimilator, Probe (Chrono Boost) | |
17 | 0:53 | Probe | |
18 | 1:05 | Probe | |
19 | 1:17 | Probe | |
20 | 1:26 | Nexus | |
20 | 1:32 | Probe | |
20 | 1:39 | Cybernetics Core | |
21 | 1:48 | Assimilator, Probe | |
22 | 1:55 | Pylon | |
22 | 2:00 | Probe | |
23 | 2:13 | Probe (Chrono Boost) | |
23 | 2:15 | Adept (Chrono Boost) | |
27 | 2:23 | Probe (Chrono Boost) | |
27 | 2:27 | Stargate | |
27 | 2:28 | Probe (Chrono Boost) | |
27 | 2:33 | Adept | |
30 | 2:37 | Warp Gate (Chrono Boost) | |
30 | 2:40 | Probe | |
30 | 2:41 | Probe | |
32 | 2:46 | Pylon | |
32 | 2:53 | Probe x2 | |
34 | 3:05 | Probe x2 | |
36 | 3:09 | Oracle (Chrono Boost) | |
39 | 3:17 | Probe x2 | |
41 | 3:29 | Probe x2 | |
41 | 3:31 | Gateway | |
43 | 3:35 | Gateway | |
44 | 3:41 | Probe x2 | |
45 | 3:53 | Probe (Chrono Boost) | |
47 | 3:57 | Probe (Chrono Boost) | |
47 | 3:58 | Sentry | |
48 | 4:04 | Probe (Chrono Boost) | |
48 | 4:08 | Probe (Chrono Boost), Robotics Facility | |
48 | 4:09 | Probe (Chrono Boost) | |
49 | 4:10 | Assimilator | |
49 | 4:12 | Assimilator | |
49 | 4:13 | Phoenix (Chrono Boost) | |
49 | 4:16 | Forge | |
50 | 4:27 | Probe x2 | |
52 | 4:37 | Pylon | |
52 | 4:38 | Pylon | |
52 | 4:39 | Probe | |
52 | 4:42 | Nexus | |
52 | 4:43 | Pylon | |
53 | 4:47 | Protoss Ground Weapons Level 1 (Chrono Boost) | |
53 | 4:48 | Pylon | |
53 | 4:55 | Oracle | |
53 | 4:57 | Adept x2 | |
60 | 5:00 | Probe | |
59 | 5:09 | Probe | |
59 | 5:12 | Probe | |
60 | 5:20 | Twilight Council | |
60 | 5:21 | Probe | |
61 | 5:23 | Warp Prism (Chrono Boost) | |
61 | 5:24 | Robotics Bay, Probe | |
64 | 5:32 | Photon Cannon | |
64 | 5:33 | Probe, Photon Cannon | |
64 | 5:35 | Shield Battery | |
65 | 5:37 | Pylon | |
65 | 5:38 | Probe | |
66 | 5:47 | Pylon | |
67 | 5:51 | Gateway | |
67 | 5:53 | Gateway | |
67 | 5:57 | Probe (Chrono Boost) | |
67 | 6:01 | Probe (Chrono Boost) | |
67 | 6:04 | Probe (Chrono Boost) | |
69 | 6:06 | Zealot x3 | |
76 | 6:13 | Probe (Chrono Boost) | |
76 | 6:15 | Probe (Chrono Boost), Gateway | |
76 | 6:18 | Probe (Chrono Boost) | |
78 | 6:22 | Extended Thermal Lance (Chrono Boost), Probe (Chrono Boost) | |
78 | 6:24 | Probe | |
80 | 6:28 | Colossus (Chrono Boost) | |
80 | 6:29 | Sentry | |
80 | 6:31 | Protoss Ground Weapons Level 2 | |
88 | 6:33 | Probe | |
88 | 6:39 | Probe x2 | |
91 | 6:53 | Probe x3 | |
92 | 6:55 | Assimilator | |
92 | 6:59 | Assimilator | |
88 | 7:02 | Pylon | |
88 | 7:04 | Charge (Chrono Boost) | |
88 | 7:05 | Pylon, Probe x2 | |
90 | 7:11 | Robotics Facility, Probe | |
90 | 7:13 | Pylon | |
91 | 7:16 | Zealot x2 | |
91 | 7:17 | Probe x2, Zealot x2 | |
91 | 7:18 | Pylon, Zealot | |
101 | 7:33 | Probe x3 | |
95 | 7:45 | Probe | |
102 | 7:53 | Probe | |
102 | 7:54 | Probe, Colossus (Chrono Boost) | |
104 | 8:06 | Gateway | |
104 | 8:07 | Zealot x6 | |
104 | 8:09 | Gateway | |
114 | 8:14 | Pylon | |
114 | 8:17 | Pylon | |
120 | 8:20 | Nexus, Colossus (Chrono Boost) | |
120 | 8:21 | Pylon | |
120 | 8:26 | Photon Cannon | |
120 | 8:27 | Pylon | |
120 | 8:30 | Zealot x4 | |
120 | 8:31 | Zealot x2 | |
130 | 8:35 | Probe | |
130 | 8:39 | Pylon | |
121 | 8:43 | Colossus (Chrono Boost) | |
127 | 8:53 | Sentry x5 | |
127 | 8:54 | Sentry | |
139 | 8:58 | Protoss Ground Armor Level 1 (Chrono Boost) | |
141 | 9:05 | Photon Cannon | |
141 | 9:06 | Photon Cannon | |
141 | 9:07 | Colossus (Chrono Boost) | |
133 | 9:12 | Gateway | |
133 | 9:14 | Gateway | |
133 | 9:21 | Photon Cannon | |
133 | 9:23 | Shield Battery | |
133 | 9:24 | Pylon, Colossus (Chrono Boost) | |
133 | 9:29 | Dark Shrine | |
133 | 9:30 | Shield Battery | |
139 | 9:35 | Zealot, Templar Archives | |
139 | 9:36 | Photon Cannon | |
139 | 9:43 | Probe x2 | |
139 | 9:44 | Probe x2 | |
143 | 9:47 | Zealot | |
145 | 9:55 | Probe | |
145 | 9:57 | Gateway x2 | |
145 | 9:59 | Gateway | |
146 | 10:05 | Assimilator | |
146 | 10:08 | Photon Cannon | |
146 | 10:15 | Immortal (Chrono Boost) | |
156 | 10:24 | Immortal (Chrono Boost) | |
156 | 10:26 | High Templar x5 | |
156 | 10:27 | High Templar x2 | |
168 | 10:30 | Archon | |
168 | 10:31 | Archon x2 | |
168 | 10:33 | High Templar | |
168 | 10:37 | Archon | |
168 | 10:38 | Protoss Ground Weapons Level 3 (Chrono Boost) | |
168 | 10:50 | Dark Templar | |
168 | 10:52 | Dark Templar | |
172 | 10:58 | Pylon | |
172 | 10:59 | Pylon | |
172 | 11:01 | Observer (Chrono Boost) | |
174 | 11:04 | Zealot | |
174 | 11:05 | Observer (Chrono Boost) | |
175 | 11:15 | Zealot x5 | |
175 | 11:16 | Zealot x2 | |
189 | 11:18 | Blink (Chrono Boost) | |
189 | 11:22 | Fleet Beacon | |
189 | 11:25 | Stargate | |
185 | 11:36 | Zealot x4 | |
190 | 11:45 | Zealot x5 | |
186 | 12:17 | Zealot x3 | |
186 | 12:18 | Zealot x4 | |
200 | 12:26 | Protoss Air Weapons Level 1 (Chrono Boost) | |
190 | 12:31 | Pylon | |
190 | 12:33 | Pylon | |
190 | 12:36 | Stargate | |
190 | 12:40 | Pylon | |
190 | 12:41 | Pylon | |
190 | 12:48 | Nexus | |
190 | 12:49 | Assimilator | |
188 | 12:52 | Zealot x7 | |
188 | 12:53 | Assimilator, Zealot x3 | |
188 | 13:16 | Carrier x2 (Chrono Boost), Psionic Storm | |
194 | 13:40 | Zealot x5 | |
194 | 13:41 | Zealot x5 | |
200 | 14:01 | Carrier (Chrono Boost) | |
189 | 14:09 | Graviton Catapult | |
173 | 14:13 | Protoss Air Armor Level 1 | |
138 | 14:25 | High Templar x2, Protoss Ground Armor Level 2 (Chrono Boost) | |
138 | 14:26 | High Templar x3 | |
138 | 14:29 | Zealot | |
138 | 14:30 | Zealot x3 | |
154 | 14:31 | Zealot | |
154 | 14:32 | Carrier (Chrono Boost), Zealot x3 | |
154 | 14:37 | Carrier (Chrono Boost) | |
146 | 14:51 | Dark Templar x3 | |
138 | 15:07 | Carrier (Chrono Boost) | |
134 | 15:17 | Dark Templar x2 | |
138 | 15:21 | Probe | |
139 | 15:33 | High Templar x4 | |
139 | 15:34 | Probe | |
154 | 15:45 | Carrier (Chrono Boost), Archon x2 | |
154 | 15:48 | Carrier (Chrono Boost) | |
160 | 15:51 | Dark Templar | |
160 | 15:52 | Dark Templar x2 | |
160 | 15:53 | Zealot x2 | |
162 | 16:04 | Photon Cannon | |
162 | 16:05 | Photon Cannon | |
162 | 16:07 | Photon Cannon | |
162 | 16:11 | Pylon | |
162 | 16:13 | Pylon | |
162 | 16:15 | Pylon | |
162 | 16:20 | Dark Templar x2 | |
164 | 16:25 | Nexus | |
164 | 16:27 | Pylon | |
164 | 16:31 | Pylon | |
164 | 16:37 | Photon Cannon | |
164 | 16:40 | Photon Cannon | |
164 | 16:42 | Pylon | |
164 | 16:43 | Zealot x5 | |
164 | 16:44 | Pylon | |
164 | 16:48 | Carrier (Chrono Boost) | |
170 | 16:55 | Dark Templar x2 | |
170 | 16:56 | Zealot x3, Dark Templar | |
177 | 17:27 | Probe (Chrono Boost) | |
170 | 17:30 | Carrier (Chrono Boost) | |
181 | 17:37 | Stargate, Probe (Chrono Boost) | |
181 | 17:38 | Pylon | |
181 | 17:40 | Carrier (Chrono Boost), Pylon | |
181 | 17:42 | Pylon, Probe (Chrono Boost) | |
181 | 17:43 | Zealot x5 | |
192 | 17:57 | Carrier (Chrono Boost) | |
182 | 17:58 | Assimilator | |
182 | 18:00 | Assimilator | |
182 | 18:03 | High Templar | |
182 | 18:04 | High Templar x4 | |
198 | 18:10 | Zealot | |
198 | 18:20 | Shield Battery | |
198 | 18:22 | Shield Battery | |
198 | 18:24 | Shield Battery | |
198 | 18:27 | Shield Battery | |
190 | 18:36 | Mothership | |
190 | 18:39 | Photon Cannon x2 | |
198 | 18:59 | Nexus | |
198 | 19:04 | Pylon | |
198 | 19:06 | Pylon | |
198 | 19:22 | Assimilator | |
196 | 19:26 | Protoss Air Armor Level 2 (Chrono Boost) | |
196 | 19:27 | Assimilator | |
192 | 19:33 | Protoss Shields Level 1 (Chrono Boost) | |
192 | 19:40 | Shield Battery x2 | |
192 | 19:42 | Shield Battery | |
192 | 19:49 | Zealot | |
192 | 19:50 | Zealot x3 | |
197 | 19:59 | Dark Templar | |
182 | 20:22 | High Templar x3 | |
182 | 20:23 | High Templar | |
182 | 20:48 | High Templar | |
184 | 20:51 | Carrier (Chrono Boost) | |
196 | 20:57 | Archon | |
196 | 20:58 | Archon | |
196 | 21:00 | Carrier (Chrono Boost) | |
190 | 21:07 | Pylon | |
190 | 21:10 | Pylon | |
178 | 21:11 | Pylon | |
178 | 21:12 | Pylon | |
178 | 21:20 | Pylon | |
178 | 21:22 | Assimilator | |
178 | 21:25 | Protoss Air Weapons Level 2 | |
178 | 21:35 | High Templar x6 | |
180 | 21:55 | High Templar | |
180 | 21:56 | High Templar x5 | |
180 | 21:59 | Pylon | |
192 | 22:01 | Protoss Shields Level 2 | |
192 | 22:17 | Archon x3 | |
192 | 22:19 | Observer x2 | |
194 | 22:33 | Photon Cannon | |
194 | 22:34 | Photon Cannon | |
194 | 22:37 | Zealot x3 | |
200 | 22:53 | Zealot x2 | |
200 | 22:54 | Zealot x3 | |
181 | 23:19 | Zealot x3 | |
187 | 23:20 | Zealot x4 | |
187 | 23:21 | Zealot x2 | |
195 | 23:50 | Nexus | |
195 | 23:53 | Pylon | |
181 | 24:06 | Observer Gravitic Boosters | |
181 | 24:08 | Pylon | |
181 | 24:12 | Observer (Chrono Boost) | |
181 | 24:13 | Observer (Chrono Boost) | |
181 | 24:14 | Pylon | |
183 | 24:28 | Stalker x4 | |
191 | 24:41 | Photon Cannon | |
191 | 24:43 | Photon Cannon | |
191 | 24:44 | Photon Cannon | |
191 | 24:46 | Photon Cannon | |
191 | 24:48 | Photon Cannon | |
191 | 24:50 | Photon Cannon | |
173 | 25:04 | Assimilator | |
173 | 25:08 | Assimilator, Zealot x4 | |
173 | 25:09 | Zealot x5 | |
187 | 25:31 | Probe (Chrono Boost) | |
188 | 25:41 | Probe (Chrono Boost) | |
189 | 25:46 | Probe (Chrono Boost) | |
189 | 25:48 | Nexus | |
184 | 25:57 | Probe | |
185 | 26:09 | Probe, Zealot x5 | |
185 | 26:10 | Zealot | |
174 | 26:27 | Zealot | |
174 | 26:28 | Zealot x2 | |
174 | 26:30 | Zealot | |
124 | 26:42 | High Templar x2 | |
124 | 26:43 | High Templar x3 | |
129 | 27:00 | Archon x3 | |
123 | 27:02 | Archon | |
123 | 27:03 | High Templar | |
123 | 27:04 | High Templar x6 | |
137 | 27:10 | Archon | |
137 | 27:11 | Archon x2 | |
137 | 27:12 | High Templar | |
138 | 27:17 | Zealot x5 | |
148 | 27:23 | Probe (Chrono Boost) | |
147 | 27:30 | Observer | |
147 | 27:31 | Observer | |
147 | 27:32 | Probe (Chrono Boost) | |
150 | 27:37 | Probe (Chrono Boost) | |
151 | 27:49 | Probe | |
148 | 27:56 | High Templar x5 | |
158 | 28:01 | Probe | |
159 | 28:13 | Probe | |
159 | 28:17 | Photon Cannon | |
159 | 28:18 | Photon Cannon | |
160 | 28:23 | Photon Cannon | |
160 | 28:26 | Probe (Chrono Boost) | |
161 | 28:33 | High Templar, Dark Templar | |
161 | 28:34 | Dark Templar | |
167 | 28:37 | Probe (Chrono Boost) | |
168 | 28:42 | Carrier x2 (Chrono Boost), Probe (Chrono Boost) | |
168 | 28:47 | Carrier (Chrono Boost) | |
181 | 28:52 | Probe | |
184 | 28:57 | Shield Battery | |
184 | 29:00 | Shield Battery | |
184 | 29:04 | Probe | |
185 | 29:15 | Carrier (Chrono Boost) | |
191 | 29:49 | Carrier (Chrono Boost) | |
193 | 30:21 | Dark Templar x2 | |
188 | 31:07 | Archon | |
188 | 31:08 | Archon | |
188 | 31:10 | Zealot | |
188 | 31:11 | Zealot x6 | |
184 | 31:12 | Zealot | |